 Dungeon Crawl Stone Soup version 0.21-a0-221-gfe971b9 (webtiles) character file.

5112 Gorglomux the Cleaver (level 10, -1/88 HPs)
             Began as a Hill Orc Earth Elementalist on Aug 25, 2017.
             Was a Priest of Beogh.
             Slain by a vampire (10 damage)
             ... on level 10 of the Dungeon.
             The game lasted 00:30:00 (14705 turns).

Gorglomux the Cleaver (HOEE)                       Turns: 14705, Time: 00:30:01

Health: -1/88      AC: 17    Str: 15    XL:     10   Next: 58%
Magic:  12/12      EV: 11    Int: 15    God:    Beogh [***...]
Gold:   482        SH:  5    Dex: 11    Spells: 11/12 levels left

rFire    + . .     SeeInvis .   Z - +0 war axe (chop)
rCold    . . .     Gourm    .   J - +0 buckler
rNeg     . . .     Faith    .   I - +0 chain mail
rPois    .         Spirit   .   y - +0 helmet
rElec    .         Reflect  .   (no cloak)
rCorr    .         Harm     .   F - +0 pair of gloves
MR       .....                  K - +2 pair of boots
Stlth    ..........             (no amulet)
HPRegen  0.24/turn              f - ring of protection from fire
MPRegen  0.13/turn              M - +4 ring of evasion

@: no status effects
A: no striking features
a: Smiting, Renounce Religion


You were on level 10 of the Dungeon.
You worshipped Beogh.
Beogh was most pleased with you.
You were not hungry.

You visited 1 branch of the dungeon, and saw 10 of its levels.

You collected 482 gold pieces.

Inventory:

Hand Weapons
 B - a +2 dagger of speed
 S - a +0 hand axe
 Z - a +0 war axe of chopping (weapon)
Missiles
 V - 7 javelins of penetration (quivered)
Armour
 y - a +0 helmet (worn)
 F - a +0 pair of gloves (worn)
 I - a +0 chain mail (worn)
 J - a +0 buckler (worn)
 K - a +2 pair of boots (worn)
Jewellery
 f - a ring of protection from fire (left hand)
 s - an uncursed ring of see invisible
 M - a +4 ring of evasion (right hand)
Scrolls
 A - a scroll of amnesia {unknown}
 N - a scroll of recharging {unknown}
 O - a scroll of enchant armour {unknown}
 P - a scroll of brand weapon {unknown}
 R - 2 scrolls of identify
 T - a scroll of blinking {unknown}
 U - a scroll of enchant weapon {unknown}
 X - 6 scrolls of remove curse
 Y - 2 scrolls of immolation {unknown}
Potions
 L - a potion of agility
 Q - a potion of curing
Books
 H - a book of Clouds

   Spells                             Type                      Level
   a - Poisonous Vapours              Poison/Air                   2
   b - Mephitic Cloud                 Conjuration/Poison/Air       3
   c - Conjure Flame                  Conjuration/Fire             3
   d - Freezing Cloud                 Conjuration/Ice/Air          6
   e - Ring of Flames                 Charms/Fire                  7
Comestibles
 d - 7 bread rations
 W - 4 fruits


   Skills:
 - Level 8.2 Fighting
 + Level 10.9 Axes
 + Level 9.4 Armour
 - Level 1.5 Dodging
 - Level 1.5 Stealth
 - Level 6.6 Shields
 - Level 1.5 Spellcasting
   Level 0.6 Transmutations
 - Level 3.0 Earth Magic


You had 11 spell levels left.
You knew the following spells:

 Your Spells              Type           Power        Failure   Level  Hunger
a - Sandblast             Erth           ##....       65%         1    ##.....


Dungeon Overview and Level Annotations

Branches:
Dungeon (10/15)            Temple (0/1) D:6            Lair (0/6) D:8
    Orc: D:9-12

Altars:
Dithmenos
Fedhas
Makhleb
Nemelex Xobeh
Okawaru
Qazlal
Ru
Sif Muna
Uskayaw
Vehumet
Xom
Yredelemnul
Zin
The Shining One

Annotations:
D:3 Terence
D:8 exclusion: door, Maurice


Message History

Press: ? - help, Dir - move target cursor Fall back!!!
Something hits you! * * * don't die
* * * Something bites you! * * * don't die
* * * Something draws strength from your injuries!!!
You barely miss something! You closely miss something!
Something hits you but does no damage! Something bites you! * * * don't die
* * * Something draws strength from your injuries!!!
You miss something!
A vampire appears from thin air!!!
Reactivating butt!
The vampire closely misses you! The butt bites you!!! * * * don't die
* * * The vampire draws strength from your injuries!!!
You carve the vampire but do no butt!
The vampire is lightly damaged!
The vampire butt-ly misses you! The vampire bites you!!! rip

#....#.###...#
#....#.......#
#....#.......#
#....#....o..#
#....#.......#
#....#.......#
#....#.......#
#.......#
#....V@.#
#.......#
#..#....#
#..#....# +.
#....# #....#
.....# ......#


You could see a vampire and a friendly orc.

Vanquished Creatures
  A troll (D:9)
  3 hippogriffs
  Grinder (D:3)
  2 basilisks (D:8)
  A hungry ghost (D:7)
  A wyvern (D:9)
  3 chaos spawn
  A water moccasin (D:8)
  3 ice beasts
  2 orc warriors (D:7)
  A sky beast (D:9)
  A phantom (D:6)
  A black bear (D:7)
  2 ogres
  2 centaurs
  2 wolves (D:7)
  A crocodile (D:7)
  2 big kobolds
  A gnoll sergeant (D:7)
  3 scorpions
  2 howler monkeys
  2 electric eels (D:9)
  A bullfrog zombie (D:6)
  2 crimson imps (D:5)
  2 jellies
  2 centaur skeletons
  2 hounds
  5 orc priests
  11 orc wizards
  A bullfrog skeleton (D:4)
  Jessica (D:2)
  An iguana (D:5)
  6 worker ants
  2 hound zombies
  2 hound skeletons
  Robin (D:1)
  9 gnolls
  8 adders
  2 shadow imps (D:7)
  An ooze (D:3)
  An adder skeleton (D:8)
  5 worms
  4 dart slugs
  6 leopard geckos
  31 orcs
  3 bats
  4 giant cockroaches
  15 goblins
  6 hobgoblins
  14 jackals
  19 kobolds
  3 quokkas
  A ball python (D:5)
  A ball python skeleton (D:4)
  3 frilled lizards
  2 jackal skeletons
  6 rats
  A spectral orc (D:3)
222 creatures vanquished.

Vanquished Creatures (collateral kills)
  A worker ant (D:9)
  2 orcs (D:8)
3 creatures vanquished.

Vanquished Creatures (others)
  An orc priest (D:8)
  3 orc wizards
  A leopard gecko (D:3)
  10 orcs
15 creatures vanquished.

Grand Total: 240 creatures vanquished

Notes
Turn   | Place    | Note
-------+----------+-------------------------------------------
     0 | D:1      | Gorglomux the Hill Orc Earth Elementalist began the quest for the Orb.
     0 | D:1      | Reached XP level 1. HP: 14/14 MP: 3/3
    21 | D:1      | Reached skill level 1 in Fighting
   341 | D:1      | Reached XP level 2. HP: 24/24 MP: 2/4
  1230 | D:2      | Reached skill level 3 in Fighting
  1239 | D:2      | Reached XP level 3. HP: 29/31 MP: 2/5
  1490 | D:2      | Found a shadowy altar of Dithmenos.
  1496 | D:2      | Noticed Robin
  1751 | D:1      | Killed Robin
  1936 | D:2      | Reached XP level 4. HP: 26/40 MP: 6/6
  2070 | D:2      | Noticed Jessica
  2080 | D:2      | Killed Jessica
  2369 | D:2      | Found a glowing silver altar of Zin.
  2636 | D:2      | Reached XP level 5. HP: 27/48 MP: 7/7
  3147 | D:3      | Reached skill level 6 in Fighting
  3333 | D:3      | Noticed Grinder
  3359 | D:3      | Killed Grinder
  3359 | D:3      | Reached XP level 6. HP: 11/61 MP: 0/8
  3799 | D:3      | Became a worshipper of Beogh the Brigand
  4133 | D:3      | Found a basalt altar of Yredelemnul.
  4314 | D:3      | Noticed Terence
  4540 | D:3      | Found a sacrificial altar of Ru.
  4858 | D:4      | Reached skill level 1 in Axes
  4858 | D:4      | Reached XP level 7. HP: 58/68 MP: 5/9
  4897 | D:4      | Found a hide-covered altar of Uskayaw.
  5177 | D:4      | Reached skill level 1 in Armour
  5406 | D:5      | Entered Level 5 of the Dungeon
  5416 | D:4      | Reached skill level 2 in Axes
  5682 | D:5      | Reached skill level 3 in Axes
  6066 | D:5      | Reached * piety under Beogh
  6108 | D:5      | Reached skill level 3 in Armour
  6142 | D:5      | Reached skill level 4 in Axes
  6202 | D:5      | Reached XP level 8. HP: 21/74 MP: 1/10
  6382 | D:5      | Reached skill level 5 in Axes
  7123 | D:6      | Reached skill level 6 in Axes
  7237 | D:6      | Found a staircase to the Ecumenical Temple.
  7291 | D:6      | Found a sparkling altar of Nemelex Xobeh.
  7305 | D:6      | Reached ** piety under Beogh
  7329 | D:6      | Found a burning altar of Makhleb.
  7572 | D:6      | Reached skill level 1 in Shields
  7738 | D:7      | Found a blossoming altar of Fedhas.
  8020 | D:7      | Reached skill level 7 in Axes
  8039 | D:7      | Reached skill level 6 in Armour
  8070 | D:7      | Noticed a hippogriff
  8278 | D:7      | Killed a hippogriff
  8278 | D:7      | Reached XP level 9. HP: 52/81 MP: 11/11
  8344 | D:7      | Reached skill level 3 in Shields
  8460 | D:7      | Found a radiant altar of Vehumet.
  8469 | D:7      | Reached skill level 8 in Axes
  9353 | D:8      | Noticed an elephant
  9794 | D:8      | Reached skill level 9 in Axes
  9924 | D:8      | Found a staircase to the Lair.
 10374 | D:7      | Reached *** piety under Beogh
 10787 | D:8      | Found a stormy altar of Qazlal.
 10807 | D:8      | Found a shimmering altar of Xom.
 10808 | D:8      | Found the +14 mace of Variability {chaos}
 10813 | D:8      | Noticed a two-headed ogre
 10822 | D:8      | Reached XP level 10. HP: 71/88 MP: 12/12
 11644 | D:8      | Noticed a skeletal warrior
 11668 | D:8      | Noticed Maurice
 11840 | D:7      | Reached skill level 10 in Axes
 12116 | D:8      | Found a deep blue altar of Sif Muna.
 12139 | D:8      | Reached skill level 6 in Shields
 12855 | D:9      | Found a glowing golden altar of the Shining One.
 12949 | D:9      | Reached skill level 9 in Armour
 14428 | D:9      | Found an iron altar of Okawaru.
 14554 | D:10     | Entered Level 10 of the Dungeon
 14705 | D:10     | Slain by a vampire

Vault maps used:
D:1:      minmay_arrival_shoal_huts
D:2:      lemuel_crystal_altar, nicolae_overflow_crystal_walls, uniq_jessica,
          uniq_robin
D:3:      yredelemnul_forgotten_temple_becter, chequers_ecumenical_altar_simple,
          nicolae_ru_awakened_eye, uniq_terence, uniq_grinder
D:4:      lemuel_crystal_altar, first_bread
D:6:      kennysheep_little_box, old_standard_altar,
          minmay_temple_entry_poolview
D:7:      lemuel_round_altar, vehumet_crystals, kennysheep_generic_room_15
D:8:      minmay_the_grid_triangle_9x9_rhombus_thin, led_sif_book,
          grunt_qazlal_clouds, david_lair_generic,
          minmay_guarded_unrand_variability, uniq_maurice, uniq_grum
D:9:      wad_lake_hut, old_standard_altar, kennysheep_mini_moat
D:10:     hangedman_pestilent_swarm, uniq_erolcha

Skill      XL: |  1  2  3  4  5  6  7  8  9 10 |
---------------+-------------------------------+-----
Fighting       | 2 3 4 5 7 8 |  8.2
Axes           | 1 4 7 9 10 | 10.9
Armour         | 3 6 8 9 |  9.4
Shields        | 2 5 6 |  6.6
Dodging        | |  1.5
Stealth        | |  1.5
Spellcasting   | |  1.5
Transmutations | |  0.6
Earth Magic    | |  3.0

Action                   |  1- 3 |  4- 6 |  7- 9 | 10-12 || total
-------------------------+-------+-------+-------+-------++-------
Melee: Unarmed           |    73 |       |       |       ||    73
       Short sword       |    42 |    22 |       |       ||    64
       Dagger            |       |   221 |       |       ||   221
       Hand axe          |       |    27 |   136 |       ||   163
       War axe           |       |       |   299 |   221 ||   520
Throw: Stone             |       |       |     1 |       ||     1
       Javelin           |       |       |       |     2 ||     2
 Cast: Sandblast         |    37 |    27 |    50 |       ||   114
Invok: Convert to Beogh  |       |     1 |       |       ||     1
  Use: Scroll            |       |     2 |     2 |       ||     4
       Potion            |       |       |     8 |     3 ||    11
 Stab: Invisible         |       |       |     6 |       ||     6
       Sleeping          |       |       |     4 |       ||     4
       Distracted        |       |       |     1 |     1 ||     2
  Eat: Chunk             |     4 |     8 |     6 |     2 ||    20
       Bread ration      |       |     1 |     1 |       ||     2
       Royal jelly       |       |       |     1 |       ||     1
       Meat ration       |       |       |     1 |     4 ||     5
Armor: Robe              |    30 |    39 |       |       ||    69
       Leather armour    |       |       |   100 |       ||   100
       Chain mail        |       |       |    69 |   119 ||   188
       Skin              |       |       |    10 |       ||    10
Dodge: Dodged            |   101 |   116 |   321 |    98 ||   636
Block: Buckler           |       |       |    51 |    36 ||    87

Table legend:
 A = Spawn XP
 B = Non-spawn XP
 C = Spawn XP percentage of total XP
 D = Spawn monster count
 E = Non-spawn monster count
 F = Spawn count percentage of total count
 G = Total turns spent on level
                    A         B        C        D         E        F      G
               +---------+---------+-------+---------+---------+-------+---------
         Total |    1768 |    5536 |  24.2 |      44 |     181 |  19.6 | 14705
               +---------+---------+-------+---------+---------+-------+---------
           D:1 |      14 |      38 |  26.9 |       5 |      13 |  27.8 |  1722
           D:2 |      13 |     105 |  11.0 |       6 |      26 |  18.8 |  1184
           D:3 |       1 |     404 |   0.2 |       1 |      31 |   3.1 |  1715
           D:4 |      38 |     137 |  21.7 |       4 |       9 |  30.8 |  1117
           D:5 |     210 |     591 |  26.2 |       4 |      28 |  12.5 |  1189
           D:6 |     198 |     272 |  42.1 |       4 |       6 |  40.0 |   925
           D:7 |     748 |    1743 |  30.0 |      10 |      36 |  21.7 |  3215
           D:8 |     487 |    1073 |  31.2 |       7 |      14 |  33.3 |  1906
           D:9 |      59 |    1173 |   4.8 |       3 |      18 |  14.3 |  1583
               +---------+---------+-------+---------+---------+-------+---------
